 Dungeon Crawl Stone Soup version 0.22-a0-587-g7d32d7c (webtiles) character file.

4840 sking99 the Basher (level 10, 0/81 HPs)
             Began as a Minotaur Fighter on July 4, 2018.
             Was an Elder of Lugonu.
             Slain by a hornet (1 damage)
             ... on level 11 of the Dungeon.
             The game lasted 00:15:48 (10345 turns).

sking99 the Basher (Minotaur Fighter)              Turns: 10345, Time: 00:15:51

Health: 0/81       AC:  9    Str: 21    XL:     10   Next: 25%
Magic:  13/14      EV:  5    Int:  5    God:    Lugonu [****..]
Gold:   834        SH: 12    Dex: 13    Spells: 9/9 levels left

rFire    + . .     SeeInvis .   b - +0 morningstar (curse)
rCold    . . .     Gourm    .   c - +0 shield
rNeg     . . .     Faith    .   y - +0 chain mail
rPois    .         Spirit   .   (helmet restricted)
rElec    .         Reflect  +   (no cloak)
rCorr    .         Harm     .   (no gloves)
MR       .....                  (no boots)
Stlth    ..........             G - +3 amulet of reflection
HPRegen  0.23/turn              j - ring of protection from fire
MPRegen  0.14/turn              M - ring of stealth

@: slowed, very slow
A: retaliatory headbutt, horns 2
a: Depart the Abyss, Bend Space, Banish, Corrupt, Renounce Religion


You were on level 11 of the Dungeon.
You worshipped Lugonu.
Lugonu was greatly pleased with you.
You were very hungry.

You visited 2 branches of the dungeon, and saw 12 of its levels.
You also visited: Sewer.

You collected 834 gold pieces.

Inventory:

Hand Weapons
 b - a cursed +0 morningstar (weapon)
Missiles
 g - 15 javelins (quivered)
Armour
 c - a +0 shield (worn)
 y - a +0 chain mail (worn)
 F - a +0 cloak
Jewellery
 j - a ring of protection from fire (left hand)
 v - an uncursed ring of magical power
 G - a +3 amulet of reflection (around neck)
 M - a ring of stealth (right hand)
Wands
 a - a wand of disintegration (15)
 n - a wand of iceblast (6)
 x - a wand of digging (30)
 I - a wand of acid (15)
 K - a wand of paralysis (13)
 L - a wand of clouds (6)
Scrolls
 e - 7 scrolls of teleportation
 k - 14 scrolls of identify
 o - 3 scrolls of amnesia
 q - 4 scrolls of fear
 s - 2 scrolls of blinking
 t - 8 scrolls of remove curse
 C - 2 scrolls of enchant weapon
 D - a scroll of magic mapping
 E - a scroll of fog
 N - a scroll of vulnerability {unknown}
Potions
 d - 3 potions of might
 h - a potion of degeneration {unknown}
 i - 2 potions of heal wounds
 l - 2 potions of lignification
 m - 2 potions of resistance {unknown}
 p - 2 potions of ambrosia
 r - 2 potions of mutation
 u - a potion of cancellation {unknown}
 w - a potion of magic
 z - 4 potions of curing {unknown}
 A - a potion of berserk rage {unknown}
 B - 3 potions of flight {unknown}
 H - a potion of invisibility {unknown}
 J - a potion of haste {unknown}
Comestibles
 f - 22 rations


   Skills:
 - Level 5.5 Fighting
 * Level 14.2 Maces & Flails
 - Level 3.6 Armour
 - Level 3.6 Shields
 + Level 7.9 Invocations


You had 9 spell levels left.
You didn't know any spells.
Your spell library contained the following spells:

 Spells                   Type           Power        Failure   Level  Hunger
 Mephitic Cloud           Conj/Pois/Air  #.......     100%        3    ####...
 Venom Bolt               Conj/Pois      #.........   100%        5    ######.
 Olgreb's Toxic Radiance  Pois           #.......     100%        4    #####..
 Sting                    Conj/Pois      #...         100%        1    ##.....
 Poisonous Vapours        Pois/Air       #.....       100%        2    ###....


Dungeon Overview and Level Annotations

Branches:
Dungeon (11/15)            Temple (1/1) D:4
   Lair: D:8-11         Orc: D:9-12

Altars:
Ashenzari
Cheibriados
Dithmenos
Elyvilon
Fedhas
Gozag
Hepliaklqana
Kikubaaqudgha
Makhleb
Nemelex Xobeh
Okawaru
Qazlal
Ru
Sif Muna
Trog
Uskayaw
Vehumet
Wu Jian
Xom
Yredelemnul
Zin
The Shining One
Lugonu

Shops:
D:8 *

Annotations:
D:9 1 runed door, corrupted, TheNamelessOne's ghost, journeyman HOFi


Innate Abilities, Weirdness & Mutations

You reflexively headbutt those who attack you in melee.
You have a pair of horns on your head.


Message History

You block the cyclops's attack. The hornet stings you!
You suddenly lose the ability to move!
The hornet stings you.
You feel yourself slow down. The cyclops hits you!
The hornet stings you but does no damage.
The hornet stings you!
* * * LOW HITPOINT WARNING * * *
You feel as though you will be slow longer.
The hornet stings you but does no damage.
The cyclops hits you!
* * * LOW HITPOINT WARNING * * *
The orc hits you but does no damage.
You can move again.
Space bends around you!
You blink.
A warg, a jelly, a worker ant, a hungry ghost and a skeleton come into view.
The warg howls!
The jelly quivers.
The hornet stings you!
* * * LOW HITPOINT WARNING * * *
You shrug off the repeated paralysis!
The hornet stings you.
You die...

....<≈≈≈≈≈PP.........
...P≈≈≈≈♣♣≈≈.<.........(
....P≈≈♣♣♣PPP...........
.....≈≈♣ ♣≈≈≈P..%...aW..
.....≈♣♣ ♣♣P.P...[.%Z...
.....P♣♣♣♣≈≈PP..........
.....P≈≈≈♣≈P......%.....
......≈P≈≈≈.†§oC.......u
......P.PP.....y@...J..h
....................<$..
########################
≈≈≈≈≈≈≈≈≈≈≈≈≈≈≈≈≈≈≈≈≈≈≈≈
≈≈≈≈≈≈≈≈≈≈≈≈≈≈≈≈≈≈≈≈≈≈≈≈
≈≈≈≈≈≈≈≈≈≈≈≈≈≈≈≈≈≈≈≈≈≈≈≈
≈≈≈≈≈≈≈≈≈≈≈≈≈≈≈≈≈≈≈≈≈≈≈≈
≈≈≈≈≈≈≈≈≈≈≈≈≈≈≈≈≈≈≈≈≈≈≈≈
≈≈≈≈≈≈≈≈≈≈≈≈≈≈


You could see a green ugly thing (wandering), a cyclops, a hungry ghost, a
hornet, a warg, a jelly, a worker ant, an orc and a wyvern skeleton.

Vanquished Creatures
  A cyclops (D:9)
  A spriggan (D:9)
  A water moccasin (D:6)
  3 sky beasts
  2 orc warriors
  An ice beast (D:5)
  6 ogres
  A centaur (D:7)
  A big kobold (Sewer)
  A gnoll sergeant (D:8)
  4 bullfrogs
  2 scorpions
  A wyvern skeleton (D:9)
  5 killer bees (D:9)
  4 wights (D:6)
  A howler monkey (D:9)
  A bullfrog zombie (D:7)
  6 crimson imps
  2 jellies
  6 orc wizards
  7 hounds
  An orc priest (D:4)
  2 iguanas (D:6)
  11 worker ants
  2 hound skeletons (D:4)
  A mummy (D:7)
  7 gnolls
  9 adders
  2 river rats (Sewer)
  A shadow imp (D:9)
  An ooze (D:5)
  An adder zombie (D:5)
  3 adder skeletons
  2 worms (D:2)
  2 dart slugs (D:1)
  A leopard gecko (D:1)
  26 orcs
  2 ball pythons
  5 giant cockroaches
  7 hobgoblins
  21 jackals
  6 quokkas
  9 bats
  6 frilled lizards
  7 goblins
  19 kobolds
  A leopard gecko zombie (D:7)
  19 rats
231 creatures vanquished.

Vanquished Creatures (others)
  2 two-headed ogres (D:10)
  A troll (D:9)
  An orc warrior (D:9)
  A centaur (D:9)
  An ogre (D:9)
  A bullfrog (D:9)
  A scorpion (D:9)
  6 killer bees (D:9)
  A crimson imp (D:9)
  A worker ant (D:9)
  A howler monkey zombie (D:9)
  9 fungi (D:3)
26 creatures vanquished.

Grand Total: 257 creatures vanquished

Notes
Turn   | Place    | Note
-------+----------+-------------------------------------------
     0 | D:1      | sking99 the Minotaur Fighter began the quest for the Orb.
     0 | D:1      | Reached XP level 1. HP: 19/19 MP: 0/0
    49 | D:1      | Reached skill level 3 in Maces & Flails
    67 | D:1      | Reached XP level 2. HP: 26/27 MP: 1/1
   789 | D:2      | Reached XP level 3. HP: 33/33 MP: 2/2
   878 | D:2      | Reached skill level 4 in Maces & Flails
  1049 | D:2      | Reached XP level 4. HP: 41/41 MP: 3/3
  1055 | D:2      | Found a faded altar of an unknown god.
  1078 | D:2      | Became a worshipper of Lugonu the Unformed
  1078 | D:2      | Reached * piety under Lugonu
  1078 | D:2      | Reached ** piety under Lugonu
  1521 | D:3      | Found a blossoming altar of Fedhas.
  1769 | D:3      | Reached skill level 5 in Maces & Flails
  2253 | D:4      | Reached *** piety under Lugonu
  2253 | D:4      | Reached skill level 5 in Fighting
  2253 | D:4      | Reached XP level 5. HP: 46/48 MP: 4/4
  2366 | D:4      | Found a staircase to the Ecumenical Temple.
  2371 | D:4      | Reached skill level 6 in Maces & Flails
  2377 | Temple   | Entered the Ecumenical Temple
  2530 | D:4      | Found a bloodstained altar of Trog.
  2680 | D:4      | Reached XP level 6. HP: 56/56 MP: 5/5
  2785 | D:4      | Reached skill level 1 in Invocations
  2859 | D:4      | Reached skill level 7 in Maces & Flails
  3092 | D:4      | Found an opulent altar of Gozag.
  3226 | D:5      | Entered Level 5 of the Dungeon
  3226 | D:5      | Found a glowing drain.
  3247 | Sewer    | Entered a sewer
  3334 | Sewer    | Reached XP level 7. HP: 40/61 MP: 7/7
  3469 | Sewer    | Found a white marble altar of Elyvilon.
  3570 | D:5      | Reached **** piety under Lugonu
  3627 | D:5      | Reached skill level 8 in Maces & Flails
  4226 | D:5      | Reached skill level 9 in Maces & Flails
  4457 | D:5      | Reached XP level 8. HP: 50/69 MP: 9/9
  4922 | D:6      | Reached skill level 10 in Maces & Flails
  5185 | D:6      | Reached skill level 5 in Invocations
  5194 | D:6      | Reached skill level 11 in Maces & Flails
  5885 | D:6      | Found a sparkling altar of Nemelex Xobeh.
  6275 | D:7      | Reached XP level 9. HP: 72/74 MP: 12/12
  6629 | D:7      | Found a snail-covered altar of Cheibriados.
  6870 | D:8      | Found a basalt altar of Yredelemnul.
  6952 | D:8      | Reached skill level 12 in Maces & Flails
  7472 | D:8      | Found Acadur's General Store.
  7656 | D:9      | Found a glowing golden altar of the Shining One.
  7714 | D:9      | Reached ***** piety under Lugonu
  7886 | D:9      | Found a runed door.
  7886 | D:9      | Noticed TheNamelessOne's ghost (journeyman HOFi)
  7918 | D:9      | Found a shimmering altar of Xom.
  7929 | D:9      | Found a bloodstained altar of Trog.
  7929 | D:9      | Found a radiant altar of Vehumet.
  7931 | D:9      | Found a burning altar of Makhleb.
  7931 | D:9      | Found a shimmering altar of Xom.
  7931 | D:9      | Found an ornate altar of the Wu Jian Council.
  8131 | D:9      | Reached skill level 13 in Maces & Flails
  8553 | D:9      | Noticed a troll
  8555 | D:9      | Corrupted D:9
  8555 | D:9      | Noticed a large abomination
  8556 | D:9      | Noticed an efreet
  8557 | D:9      | Noticed a thrashing horror
  8558 | D:9      | Noticed a green death
  8558 | D:9      | Noticed a thrashing horror
  8562 | D:9      | Killed a troll
  9197 | D:9      | Noticed a cyclops
  9205 | D:9      | Killed a cyclops
  9205 | D:9      | Reached XP level 10. HP: 15/81 MP: 14/14
  9517 | D:10     | Entered Level 10 of the Dungeon
  9575 | D:10     | Noticed a two-headed ogre
  9579 | D:10     | Banished a two-headed ogre
  9579 | D:10     | Reached skill level 14 in Maces & Flails
  9715 | D:10     | Noticed a two-headed ogre
  9716 | D:10     | Banished a two-headed ogre
 10333 | D:11     | Noticed a cyclops
 10341 | D:11     | Paralysed by a hornet for 3 turns
 10345 | D:11     | HP: 1/81 [hornet (9)]
 10345 | D:11     | Slain by a hornet

Vault maps used:
D:1:      minmay_arrival_three_doors, minivault_4
D:2:      chequers_ecumenical_altar_island
D:3:      fedhas_altar_3, first_ration, grunt_decor_fettered
D:4:      lemuel_round_altar, nicolae_gozag_cash_rules_everything_around_me,
          minmay_temple_entry_mist, minmay_cut_off
D:5:      cheibrodos_iron_armory, portal_sewer_entry_a
D:6:      old_standard_altar, small_statue_alley_b,
          minmay_misc_feat_secret_circle
D:7:      slow_altar_2
D:8:      lemuel_crystal_altar, serial_shops, shop
D:9:      minmay_opposing_rooms, hellmonk_ghost_happy_afterlife, basic_altar,
          grunt_pizzeria, doesnt_xom_only_xom
D:11:     minmay_orc_entry_guard_dogs, serial_bayou_pond_c
Temple:   nicolae_temple_elliptical
Sewer:    sewer_kobolds

Skill      XL: |  1  2  3  4  5  6  7  8  9 10 |
---------------+-------------------------------+-----
Maces & Flails | 3 4 5 6 7 9 11 13 14 | 14.2
Fighting       | 4 5 |  5.5
Invocations    | 2 3 5 7 |  7.9
Armour         | |  3.6
Shields        | |  3.6

Action                   |  1- 3 |  4- 6 |  7- 9 | 10-12 || total
-------------------------+-------+-------+-------+-------++-------
Melee: Flail             |   117 |   208 |   162 |       ||   487
       Headbutt          |    26 |    41 |    82 |     7 ||   156
       Morningstar       |       |       |   202 |    15 ||   217
Invok: Bend Space        |       |       |     1 |     1 ||     2
       Corrupt           |       |       |     1 |       ||     1
       Banish            |       |       |       |     3 ||     3
  Use: Scroll            |       |    11 |     2 |     2 ||    15
  Eat: Chunk             |     1 |     7 |    20 |     3 ||    31
Armor: Scale mail        |    47 |       |       |       ||    47
       Chain mail        |     2 |   104 |   144 |     8 ||   258
Dodge: Dodged            |    42 |    39 |    42 |     2 ||   125
Block: Shield            |    59 |   123 |   184 |     4 ||   370
       Reflection        |       |       |     6 |       ||     6

Table legend:
 A = Spawn XP
 B = Non-spawn XP
 C = Spawn XP percentage of total XP
 D = Spawn monster count
 E = Non-spawn monster count
 F = Spawn count percentage of total count
 G = Total turns spent on level
                    A         B        C        D         E        F      G
               +---------+---------+-------+---------+---------+-------+---------
         Total |       0 |    6915 |   0.0 |       0 |     234 |   0.0 | 10345
               +---------+---------+-------+---------+---------+-------+---------
           D:1 |       0 |      37 |   0.0 |       0 |      24 |   0.0 |   776
           D:2 |       0 |      70 |   0.0 |       0 |      31 |   0.0 |   625
           D:3 |       0 |      66 |   0.0 |       0 |      30 |   0.0 |   794
           D:4 |       0 |     427 |   0.0 |       0 |      28 |   0.0 |   891
           D:5 |       0 |     804 |   0.0 |       0 |      24 |   0.0 |  1245
           D:6 |       0 |    1230 |   0.0 |       0 |      26 |   0.0 |  1512
           D:7 |       0 |     416 |   0.0 |       0 |      10 |   0.0 |   582
           D:8 |       0 |     410 |   0.0 |       0 |      18 |   0.0 |   825
           D:9 |       0 |    2178 |   0.0 |       0 |      26 |   0.0 |  1861
          D:10 |       0 |    1130 |   0.0 |       0 |       6 |   0.0 |   787
          D:11 |       0 |      14 |   0.0 |       0 |       1 |   0.0 |    41
         Sewer |       0 |     133 |   0.0 |       0 |      10 |   0.0 |   266
               +---------+---------+-------+---------+---------+-------+---------
